2405 views
Uploaded 2021-08-26 11:59:34
Game version 1.32.10
35:31 long 1on1 ladder game on (2)Amazonia
Saved by xzz
2405 views
Uploaded 2021-08-26 11:59:34
Game version 1.32.10
35:31 long 1on1 ladder game on (2)Amazonia

62 units @ 7.9k
/ 0.6k
37 buildings @ 3.4k
/ 1.6k



| Scroll of Regeneration | 2 | 200 |
| Boots of Speed | 1 | 250 |
| Potion of Lesser Invulnerability | 1 | 150 |
| total: | 4 | 600g |
| Peasant | 28 | 2100 | / | 0 |
| Footman | 18 | 2430 | / | 0 |
| Rifleman | 7 | 1435 | / | 210 |
| Priest | 4 | 540 | / | 40 |
| Gryphon Rider | 3 | 840 | / | 210 |
| Goblin Shredder | 1 | 375 | / | 100 |
| Forest Troll Shadow Priest | 1 | 195 | / | 10 |
| total: | 62 | 7915g | / | 570w |
| Scout Tower | 11 | 330 | / | 220 |
| Arcane Tower | 6 | 420 | / | 300 |
| Guard Tower | 4 | 280 | / | 200 |
| Altar of Kings | 1 | 180 | / | 50 |
| Farm | 15 | 1200 | / | 300 |
| Barracks | 1 | 160 | / | 60 |
| Lumber Mill | 1 | 120 | / | 0 |
| Arcane Vault | 1 | 130 | / | 30 |
| Town Hall | 1 | 385 | / | 205 |
| Blacksmith | 1 | 140 | / | 60 |
| Arcane Sanctum | 2 | 300 | / | 280 |
| Gryphon Aviary | 2 | 280 | / | 300 |
| Workshop | 1 | 140 | / | 140 |
| Keep | 1 | 320 | / | 210 |
| Castle | 1 | 360 | / | 210 |
| total: | 37 | 3365g | / | 1645w |
| 0:02 | Peasant |
| 0:03 | Peasant |
| 0:07 | Altar of Kings |
| 0:19 | Farm |
| 0:20 | Barracks |
| 0:21 | Peasant |
| 0:32 | Peasant |
| 0:49 | Farm |
| 0:53 | Peasant |
| 1:17 | Peasant |
| 1:18 | Peasant |
| 1:22 | Footman |
| 1:34 | Footman |
| 1:43 | Farm |
| 1:51 | Peasant |
| 2:06 | Footman |
| 2:08 | Summon Water Elemental |
| 2:28 | Footman |
| 2:39 | Footman |
| 2:42 | Peasant |
| 2:42 | Scout Tower |
| 2:50 | Farm |
| 2:53 | Farm |
| 2:57 | Brilliance Aura |
| 3:10 | Footman |
| 3:20 | Arcane Tower |
| 3:22 | Scout Tower |
| 3:30 | Lumber Mill |
| 3:41 | Footman |
| 3:52 | Arcane Tower |
| 4:00 | Arcane Vault |
| 4:12 | Peasant |
| 4:13 | Peasant |
| 4:31 | Footman |
| 4:39 | Scroll of Regeneration |
| 4:55 | Defend |
| 5:21 | Summon Water Elemental |
| 5:37 | Town Hall |
| 5:38 | Scout Tower |
| 5:40 | Scout Tower |
| 5:41 | Farm |
| 5:52 | Farm |
| 6:00 | Improved Lumber Harvesting |
| 6:05 | Footman |
| 6:15 | Arcane Tower |
| 6:46 | Arcane Tower |
| 6:51 | Scout Tower |
| 6:53 | Scout Tower |
| 7:09 | Keep |
| 7:17 | Farm |
| 7:22 | Guard Tower |
| 7:23 | Guard Tower |
| 7:29 | Footman |
| 8:13 | Peasant |
| 8:13 | Peasant |
| 8:14 | Peasant |
| 8:19 | Footman |
| 8:19 | Footman |
| 8:19 | Footman |
| 8:25 | Boots of Speed |
| 8:41 | Peasant |
| 8:41 | Peasant |
| 8:41 | Peasant |
| 8:41 | Peasant |
| 8:46 | Peasant |
| 9:18 | Scout Tower |
| 9:30 | Forest Troll Shadow Priest |
| 9:47 | Brilliance Aura |
| 10:21 | Footman |
| 10:21 | Footman |
| 10:21 | Footman |
| 10:21 | Footman |
| 10:21 | Footman |
| 10:29 | Peasant |
| 10:29 | Peasant |
| 10:29 | Peasant |
| 10:29 | Peasant |
| 10:29 | Peasant |
| 11:00 | Scout Tower |
| 11:01 | Scout Tower |
| 11:07 | Arcane Sanctum |
| 11:09 | Arcane Sanctum |
| 11:33 | Arcane Tower |
| 11:34 | Scout Tower |
| 11:36 | Scout Tower |
| 11:41 | Blacksmith |
| 11:46 | Advanced Lumber Harvesting |
| 11:50 | Scroll of Regeneration |
| 12:00 | Guard Tower |
| 12:01 | Guard Tower |
| 12:33 | Rifleman |
| 12:50 | Castle |
| 13:10 | Priest |
| 13:30 | Rifleman |
| 13:30 | Rifleman |
| 13:36 | Potion of Lesser Invulnerability |
| 13:43 | Farm |
| 13:48 | Priest |
| 13:50 | Priest |
| 13:52 | Priest Adept Training |
| 13:55 | Siphon Mana |
| 14:03 | Farm |
| 14:04 | Farm |
| 14:10 | Improved Masonry |
| 14:35 | Rifleman |
| 14:37 | Long Rifles |
| 15:29 | Banish |
| 15:41 | Gryphon Aviary |
| 15:43 | Gryphon Aviary |
| 15:49 | Advanced Masonry |
| 16:12 | Goblin Shredder |
| 16:40 | Storm Bolt |
| 16:51 | Gryphon Rider |
| 17:12 | Rifleman |
| 17:43 | Gryphon Rider |
| 17:58 | Gryphon Rider |
| 17:59 | Storm Hammers |
| 18:13 | Studded Leather Armor |
| 18:15 | Iron Forged Swords |
| 18:44 | Rifleman |
| 18:44 | Rifleman |
| 19:12 | Peasant |
| 19:12 | Peasant |
| 19:12 | Peasant |
| 19:13 | Peasant |
| 19:37 | Priest |
| 20:12 | Farm |
| 20:12 | Farm |
| 20:21 | Workshop |
| 20:30 | Farm |
| 21:09 | Farm |
| 21:11 | Steel Forged Swords |
| 22:15 | Summon Water Elemental |
| 22:21 | Bash |
| 22:27 | Siphon Mana |
| Select group | 2084 |
| Right click | 1989 |
| Select | 640 |
| Build/train/purchase | 227 |
| Assign group | 80 |
| Misc. action | 42 |
| Use ability | 17 |
| Esc | 5 |
| Item give/drop | 4 |
| Remove unit | 4 |
| Chat | 4 |
61 units @ 7.2k
/ 0.9k
40 buildings @ 6k
/ 3.3k

x1)
| Moonstone | 2 | 100 |
| Lesser Clarity Potion | 6 | 420 |
| Orb of Venom | 1 | 325 |
| Potion of Mana | 1 | 200 |
| Anti-magic Potion | 1 | 100 |
| Scroll of Town Portal | 1 | 350 |
| Boots of Speed | 1 | 250 |
| Potion of Invisibility | 3 | 300 |
| Staff of Teleportation | 1 | 150 |
| Potion of Lesser Invulnerability | 2 | 300 |
| Tome of Retraining | 3 | 900 |
| total: | 22 | 3395g |
| Wisp | 31 | 1860 | / | 0 |
| Archer | 4 | 520 | / | 40 |
| Huntress | 7 | 1365 | / | 140 |
| Druid of the Talon | 11 | 1595 | / | 220 |
| Hippogryph | 2 | 320 | / | 40 |
| Chimaera | 1 | 330 | / | 70 |
| Goblin Shredder | 1 | 375 | / | 100 |
| Goblin Sapper | 3 | 645 | / | 300 |
| Forest Troll Shadow Priest | 1 | 195 | / | 10 |
| total: | 61 | 7205g | / | 920w |
| Ancient Protector | 22 | 2970 | / | 1760 |
| Altar of Elders | 1 | 180 | / | 50 |
| Moon Well | 6 | 1080 | / | 240 |
| Ancient of War | 2 | 300 | / | 120 |
| Hunter's Hall | 1 | 210 | / | 100 |
| Ancient of Wonders | 2 | 180 | / | 60 |
| Tree of Life | 1 | 340 | / | 185 |
| Ancient of Lore | 2 | 310 | / | 290 |
| Ancient of Wind | 2 | 300 | / | 280 |
| Chimaera Roost | 1 | 140 | / | 190 |
| Tree of Ages | 1 | 320 | / | 180 |
| Tree of Eternity | 1 | 330 | / | 200 |
| total: | 40 | 6010g | / | 3275w |
| 0:06 | Altar of Elders |
| 0:08 | Moon Well |
| 0:11 | Wisp |
| 0:11 | Wisp |
| 0:33 | Wisp |
| 0:42 | Ancient of War |
| 0:47 | Wisp |
| 1:11 | Wisp |
| 1:24 | Wisp |
| 1:27 | Moon Well |
| 1:40 | Wisp |
| 1:49 | Archer |
| 1:52 | Wisp |
| 2:07 | Fan of Knives |
| 2:17 | Hunter's Hall |
| 2:36 | Ancient of Wonders |
| 2:37 | Wisp |
| 2:39 | Archer |
| 2:57 | Archer |
| 3:14 | Archer |
| 3:34 | Huntress |
| 3:46 | Tree of Ages |
| 4:51 | Ancient Protector |
| 4:54 | Ancient Protector |
| 4:56 | Ancient Protector |
| 5:03 | Ancient Protector |
| 5:13 | Blink |
| 5:14 | Huntress |
| 5:24 | Goblin Shredder |
| 5:39 | Boots of Speed |
| 5:56 | Moon Well |
| 6:20 | Ancient of Lore |
| 6:26 | Ancient of Wind |
| 6:35 | Ancient Protector |
| 6:50 | Huntress |
| 6:59 | Moon Well |
| 7:04 | Wisp |
| 7:31 | Tree of Eternity |
| 8:03 | Fan of Knives |
| 8:48 | Ancient of Wonders |
| 8:50 | Druid of the Talon Adept Training |
| 8:51 | Druid of the Talon |
| 8:58 | Ancient of Wind |
| 9:05 | Ancient Protector |
| 9:26 | Huntress |
| 10:04 | Blink |
| 11:03 | Druid of the Talon Master Training |
| 11:03 | Druid of the Talon |
| 11:08 | Huntress |
| 11:09 | Moon Glaive |
| 11:12 | Wisp |
| 11:13 | Wisp |
| 11:21 | Moon Well |
| 11:26 | Moonstone |
| 11:26 | Lesser Clarity Potion |
| 11:40 | Druid of the Talon |
| 11:52 | Well Spring |
| 11:54 | Huntress |
| 12:08 | Lesser Clarity Potion |
| 12:21 | Moon Well |
| 13:20 | Wisp |
| 13:20 | Wisp |
| 13:25 | Ancient Protector |
| 13:27 | Ancient Protector |
| 13:35 | Orb of Venom |
| 13:40 | Potion of Mana |
| 13:50 | Mark of the Talon |
| 13:51 | Druid of the Talon |
| 14:08 | Huntress |
| 14:15 | Ancient Protector |
| 14:18 | Ancient Protector |
| 14:32 | Druid of the Talon |
| 14:38 | Wisp |
| 14:51 | Ancient Protector |
| 15:35 | Forest Troll Shadow Priest |
| 15:46 | Fan of Knives |
| 15:54 | Wisp |
| 15:54 | Wisp |
| 15:55 | Wisp |
| 16:01 | Tree of Life |
| 16:14 | Nature's Blessing |
| 16:29 | Vorpal Blades |
| 16:46 | Moon Armor |
| 16:48 | Sentinel |
| 18:07 | Hippogryph |
| 18:09 | Druid of the Talon |
| 18:15 | Lesser Clarity Potion |
| 18:16 | Moonstone |
| 18:26 | Wisp |
| 18:26 | Wisp |
| 18:26 | Wisp |
| 18:27 | Wisp |
| 18:30 | Potion of Invisibility |
| 18:37 | Staff of Teleportation |
| 19:21 | Wisp |
| 19:24 | Ancient Protector |
| 19:27 | Wisp |
| 19:41 | Strength of the Wild |
| 19:41 | Strength of the Moon |
| 19:54 | Druid of the Talon |
| 19:55 | Druid of the Talon |
| 19:57 | Lesser Clarity Potion |
| 20:11 | Wisp |
| 20:15 | Ancient of War |
| 20:45 | Lesser Clarity Potion |
| 20:56 | Potion of Invisibility |
| 20:59 | Potion of Lesser Invulnerability |
| 21:07 | Ancient Protector |
| 21:09 | Wisp |
| 21:38 | Lesser Clarity Potion |
| 21:44 | Ancient Protector |
| 21:45 | Ancient Protector |
| 21:45 | Ancient Protector |
| 21:50 | Chimaera Roost |
| 21:59 | Ancient of Lore |
| 22:07 | Improved Strength of the Wild |
| 22:14 | Scroll of Town Portal |
| 22:36 | Spirit of Vengeance |
| 22:47 | Blink |
| 22:47 | Blink |
| 23:55 | Advanced Strength of the Wild |
| 23:55 | Improved Strength of the Moon |
| 24:04 | Ancient Protector |
| 24:04 | Ancient Protector |
| 24:05 | Ancient Protector |
| 24:06 | Ancient Protector |
| 24:07 | Ancient Protector |
| 24:08 | Ancient Protector |
| 24:10 | Wisp |
| 24:10 | Wisp |
| 24:11 | Wisp |
| 24:11 | Wisp |
| 24:11 | Wisp |
| 25:13 | Druid of the Talon |
| 25:17 | Potion of Invisibility |
| 25:21 | Potion of Lesser Invulnerability |
| 26:21 | Goblin Sapper |
| 26:21 | Goblin Sapper |
| 26:21 | Goblin Sapper |
| 27:34 | Tome of Retraining |
| 27:57 | Tome of Retraining |
| 28:33 | Advanced Strength of the Moon |
| 29:05 | Corrosive Breath |
| 29:10 | Chimaera |
| 29:37 | Tome of Retraining |
| 29:37 | Retrain Hero |
| 29:40 | Blink |
| 29:40 | Blink |
| 29:40 | Blink |
| 29:41 | Spirit of Vengeance |
| 29:42 | Fan of Knives |
| 29:42 | Fan of Knives |
| 29:48 | Spirit of Vengeance |
| 29:49 | Fan of Knives |
| 29:49 | Fan of Knives |
| 31:53 | Anti-magic Potion |
| 32:15 | Hippogryph |
| 32:56 | Druid of the Talon |
| 33:11 | Druid of the Talon |
| 33:59 | Ultravision |
| 34:00 | Reinforced Hides |
| 34:01 | Improved Moon Armor |
| Right click | 1073 |
| Select | 507 |
| Build/train/purchase | 214 |
| Select group | 196 |
| Use ability | 73 |
| Assign group | 42 |
| Misc. action | 23 |
| Item give/drop | 4 |
| Remove unit | 4 |
| Esc | 2 |